 Dungeon Crawl Stone Soup version 0.22-a0-354-g30dfbe6 (webtiles) character file.

25 4thArraOfDagon the Firebug (level 3, -11/21 HPs)
             Began as an Octopode Fire Elementalist on Apr 16, 2018.
             Was an Initiate of Elyvilon.
             Mangled by an orc
             ... wielding a +1 hand axe of electrocution
              (20 damage)
             ... on level 4 of the Dungeon.
             The game lasted 00:02:20 (556 turns).

4thArraOfDagon the Firebug (OpFE)                    Turns: 556, Time: 00:02:20

Health: -11/21     AC:  1    Str:  7    XL:     3   Next: 6%
Magic:  4/6        EV: 12    Int: 18    God:    Elyvilon [......]
Gold:   22         SH:  1    Dex: 12    Spells: 2/6 levels left

rFire    . . .     SeeInvis .   f - +0 whip
rCold    . . .     Gourm    .   a - -2 buckler (curse)
rNeg     . . .     Faith    .   (helmet restricted)
rPois    .         Spirit   .   (no amulet)
rElec    .         Reflect  .   (no ring)
rCorr    .         Harm     .   (no ring)
MR       .....                  (no ring)
Stlth    +++.......             (no ring)
HPRegen  0.07/turn              (no ring)
MPRegen  0.10/turn              (no ring)
                                (no ring)
                                (no ring)

@: no status effects
A: almost no armour, stealthy swim, amphibious, 8 rings, constrict 8, camouflage
1, gelatinous body 1
a: Renounce Religion


You were on level 4 of the Dungeon.
You worshipped Elyvilon.
Elyvilon was noncommittal.
You were not hungry.

You visited 1 branch of the dungeon, and saw 4 of its levels.

You collected 22 gold pieces.

Inventory:

Hand Weapons
 f - a +0 whip (weapon)
Armour
 a - a cursed -2 buckler (worn)
Scrolls
 c - 2 scrolls of remove curse {unknown}
 d - a scroll of magic mapping {unknown}
Potions
 e - a potion of flight
Comestibles
 b - 3 rations


   Skills:
 - Level 2.0 Dodging
 - Level 2.6 Stealth
 + Level 2.2 Spellcasting
 * Level 1.9 Conjurations
 * Level 3.4 Fire Magic


You had 2 spell levels left.
You knew the following spells:

 Your Spells              Type           Power        Failure   Level  Hunger
a - Flame Tongue          Conj/Fire      ##...        10%         1    #......
b - Conjure Flame         Conj/Fire      ##......     28%         3    ###....


Dungeon Overview and Level Annotations

Branches:
Dungeon (4/15)
 Temple: D:4-7

Altars:
Elyvilon

Annotations:
D:3 Ijyb, Natasha


Innate Abilities, Weirdness & Mutations

You cannot wear most types of armour.
You are very stealthy in the water. (Stealth+)
You are amphibious.
You can wear up to eight rings at the same time.
You can use your tentacles to constrict eight enemies at once.
Your skin changes colour to match your surroundings (Stealth+).
Your rubbery body absorbs attacks. (AC +1, EV +1)


Message History

You slide downwards.
The hatch slams shut behind you.
An orc comes into view.
It is wielding a hand axe of electrocution.
Unknown command.
Casting: Flame Tongue (safe; 10% risk of failure)
Confirm with . or Enter, or press ? or * to list all spells.
Aiming: Flame Tongue (safe; 10% risk of failure)
Press: ? - help, Shift-Dir - straight line, f - orc
Aim: an orc, wielding a hand axe of electrocution and wearing a scale mail The flame tongue hits the orc.
The orc is almost dead.
Casting: Flame Tongue (safe; 10% risk of failure)
Confirm with . or Enter, or press ? or * to list all spells.
Aiming: Flame Tongue (safe; 10% risk of failure)
Press: ? - help, Shift-Dir - straight line, f/p - orc
Aim: an orc, wielding a hand axe of electrocution and wearing a scale mail (almost dead)
The flame tongue misses the orc.
The orc hits you with a hand axe of electrocution.
You are electrocuted!
Ouch! That really hurt!
You die... ##########.# #....o@....# ....#######.# .

You could see an orc.

Vanquished Creatures
  A dart slug (D:3)
  4 bats
  5 goblins (D:3)
  5 hobgoblins
  A quokka (D:2)
  3 kobolds
  2 rats
21 creatures vanquished.

Vanquished Creatures (others)
  3 plants (D:3)
3 creatures vanquished.

Grand Total: 24 creatures vanquished

Notes
Turn   | Place    | Note
-------+----------+-------------------------------------------
     0 | D:1      | 4thArraOfDagon the Octopode Fire Elementalist began the quest for the Orb.
     0 | D:1      | Reached XP level 1. HP: 11/11 MP: 3/3
   221 | D:2      | Reached XP level 2. HP: 13/17 MP: 0/5
   426 | D:3      | Noticed Natasha
   433 | D:3      | Found a white marble altar of Elyvilon.
   459 | D:3      | Noticed Ijyb
   495 | D:3      | Became a worshipper of Elyvilon the Healer
   515 | D:3      | Reached XP level 3. HP: 11/21 MP: 1/6
   520 | D:3      | Learned a level 3 spell: Conjure Flame
   556 | D:4      | Mangled by an orc

Vault maps used:
D:1:      minmay_arrival_nine_rooms, serial_park_tiny_2
D:2:      kennysheep_generic_room_14, uniq_crazy_yiuf_cottage
D:3:      lemuel_crystal_altar, first_ration, serial_bayou_pond_b,
          minmay_curled_crystal, minmay_misc_feat_tower, uniq_ijyb,
          uniq_natasha, uniq_jessica
D:4:      cheibrodos_pilgrimage

Action                   || total
-------------------------++-------
Melee: Unarmed           ||    11
       Constrict         ||    11
       Whip              ||    23
       Tentacles         ||     4
 Cast: Flame Tongue      ||    25
  Use: Potion            ||     1
 Stab: Sleeping          ||     2
Armor: Skin              ||     8
Dodge: Dodged            ||    17

Table legend:
 A = Spawn XP
 B = Non-spawn XP
 C = Spawn XP percentage of total XP
 D = Spawn monster count
 E = Non-spawn monster count
 F = Spawn count percentage of total count
 G = Total turns spent on level
                    A         B        C        D         E        F      G
               +---------+---------+-------+---------+---------+-------+---------
         Total |       0 |      37 |   0.0 |       0 |      21 |   0.0 |   556
               +---------+---------+-------+---------+---------+-------+---------
           D:1 |       0 |       4 |   0.0 |       0 |       3 |   0.0 |   148
           D:2 |       0 |       6 |   0.0 |       0 |       3 |   0.0 |    77
           D:3 |       0 |      27 |   0.0 |       0 |      15 |   0.0 |   327
               +---------+---------+-------+---------+---------+-------+---------
